[Event "ICC tourney 2314 (120 10)"]
[Site "Internet Chess Club"]
[Date "2021.01.17"]
[Round "4"]
[White "fireheart"]
[Black "GPWKnight"]
[Result "0-1"]
[ICCResult "White resigns"]
[WhiteElo "1613"]
[BlackElo "1471"]
[Opening "French: Fort Knox variation"]
[ECO "C10"]
[NIC "FR.07"]
[Time "16:17:58"]
[PlyCount "170"]
[TimeControl "7200+10"]

1. e4 e6 2. d4 d5 3. Nc3 dxe4 4. Nxe4 Bd7 5. Nf3 Bc6 6. Bd3 Nd7 7. Bg5 Be7
8. Bxe7 Qxe7 9. Qd2 Ngf6 10. Nxf6+ Qxf6 11. Qe3 O-O-O 12. O-O-O Kb8 13.
Rhg1 Nb6 14. Ne5 Be8 15. g3 Nd5 16. Qd2 Qe7 17. a3 Nb6 18. Be2 f6 19. Ng4
e5 20. Ne3 Bg6 21. Qc3 exd4 22. Rxd4 Rxd4 23. Qxd4 Rd8 24. Qc3 Qe6 25. Kb1
Bf7 26. b3 Bg6 27. Bg4 Qe7 28. Re1 Qxa3 29. Nc4 Qc5 30. Be2 Nxc4 31. Bxc4
Qxf2 32. Re2 Qc5 33. b4 Qd6 34. Ka2 Qd7 35. Ka3 Qd6 36. h4 a5 37. Kb3 axb4
38. Qxb4 Qxb4+ 39. Kxb4 Re8 40. Rd2 Kc8 41. c3 Re4 42. Kb3 c6 43. Be2 Re7
44. Bg4+ Kc7 45. Bh3 Bf7+ 46. Kb4 Be8 47. Bf5 g6 48. Bc2 f5 49. h5 Re5 50.
hxg6 hxg6 51. Rh2 Re7 52. Rg2 Rg7 53. Re2 Bd7 54. Rf2 Rh7 55. Rf4 Rf7 56.
Rf2 g5 57. Rf3 f4 58. gxf4 Rxf4+ 59. Rxf4 gxf4 60. Bd1 Kd6 61. Bf3 b6 62.
Kc4 Ke5 63. Kd3 b5 64. c4 c5 65. cxb5 Bxb5+ 66. Kc3 Bf1 67. Bh1 Be2 68. Bb7
Kf6 69. Kd2 Bf1 70. Bf3 Kg5 71. Ke1 Bb5 72. Kf2 Bd3 73. Ke1 Kf5 74. Kd2 Be4
75. Be2 f3 76. Bf1 Kf4 77. Kc3 Bd5 78. Kd3 Be6 79. Kd2 c4 80. Kc3 Ke3 81.
Kb4 Kf2 82. Bxc4 Bxc4 83. Kxc4 Ke2 84. Kd4 f2 85. Ke4 f1=Q { White resigns
} 0-1

[Event "ICC tourney 2314 (120 10)"]
[Site "Internet Chess Club"]
[Date "2021.01.17"]
[Round "4"]
[White "sairam23"]
[Black "Kfprasanna"]
[Result "1/2-1/2"]
[ICCResult "Game drawn by repetition"]
[WhiteElo "1506"]
[BlackElo "1311"]
[Opening "Ruy Lopez: classical (Cordel) defense"]
[ECO "C64"]
[NIC "RL.01"]
[Time "16:17:55"]
[PlyCount "169"]
[TimeControl "7200+10"]

1. e4 e5 2. Nf3 Nc6 3. Bb5 Bc5 4. Nxe5 Nxe5 5. d4 Bxd4 6. Qxd4 Qf6 7. Qd1
c6 8. Bd3 d5 9. exd5 cxd5 10. Bb5+ Nc6 11. Qxd5 Ne7 12. Qd1 O-O 13. O-O Rd8
14. Qe1 Qg6 15. Bd3 Qf6 16. Nc3 Ne5 17. Be4 N7c6 18. Be3 Be6 19. b3 Ng4 20.
Bxc6 bxc6 21. Ne4 Qg6 22. f3 Nxe3 23. Qxe3 Bd5 24. Rad1 Re8 25. Qf4 Bxe4
26. fxe4 Rxe4 27. Qd6 Re6 28. Qd7 Re2 29. Rf2 Re6 30. Rdf1 Rf8 31. Qxa7 h6
32. Qd7 Rd6 33. Qf5 Qxf5 34. Rxf5 Rd2 35. Rc5 Re8 36. Rcf5 Ree2 37. R5f2
Rxc2 38. Rxe2 Rxe2 39. Rc1 Rxa2 40. Rxc6 Rb2 41. Rb6 Kf8 42. h3 Ke7 43. Kh2
Kd7 44. Kg3 Kc7 45. Rb4 Kd6 46. Kf3 Ke5 47. Rb5+ Ke6 48. g4 Rc2 49. Kg3
Rc3+ 50. Kg2 Kf6 51. b4 Rb3 52. Kh2 Kg6 53. Kg2 Rb2+ 54. Kg3 Kf6 55. Kf3
Ke6 56. h4 Rb3+ 57. Kf4 g6 58. Ke4 Rh3 59. h5 Rg3 60. Kf4 Rb3 61. Rb6+ Ke7
62. hxg6 fxg6 63. Rxg6 Rxb4+ 64. Kg3 Rb3+ 65. Kh4 h5 66. Kxh5 Rh3+ 67. Kg5
Kf7 68. Rh6 Rg3 69. Rh7+ Kg8 70. Rc7 Rd3 71. Kh5 Rh3+ 72. Kg6 Kf8 73. g5
Re3 74. Rc8+ Ke7 75. Kg7 Rh3 76. g6 Rh4 77. Rf8 Rh1 78. Kg8 Rh2 79. g7 Rh3
80. Rf7+ Ke8 81. Rf8+ Ke7 82. Rf7+ Ke8 83. Rf8+ Ke7 84. Rf7+ Ke8 85. Rf8+ {
Game drawn by repetition } 1/2-1/2

[Event "ICC tourney 2314 (120 10)"]
[Site "Internet Chess Club"]
[Date "2021.01.18"]
[Round "5"]
[White "Elias1302"]
[Black "eroedel"]
[Result "1-0"]
[ICCResult "Black resigns"]
[WhiteElo "1609"]
[BlackElo "1480"]
[Opening "Ponziani opening"]
[ECO "C44"]
[NIC "KP.05"]
[Time "11:03:37"]
[PlyCount "37"]
[TimeControl "7200+10"]

1. e4 e5 2. Nf3 Nc6 3. c3 Bc5 4. d4 exd4 5. cxd4 Bb4+ 6. Nc3 d6 7. d5 Ne5
8. Nxe5 dxe5 9. Qa4+ Bd7 10. Qxb4 b6 11. Be2 Nf6 12. O-O h6 13. f4 a5 14.
Qa3 Qe7 15. Qxe7+ Kxe7 16. fxe5 Nh7 17. Be3 Rhe8 18. d6+ cxd6 19. Nd5+ {
Black resigns } 1-0

[Event "ICC tourney 2314 (120 10)"]
[Site "Internet Chess Club"]
[Date "2021.01.18"]
[Round "5"]
[White "joefiler"]
[Black "RachanaB"]
[Result "0-1"]
[ICCResult "White resigns"]
[WhiteElo "654"]
[BlackElo "1461"]
[Opening "Réti opening"]
[ECO "A09"]
[NIC "QP.09"]
[Time "11:03:52"]
[PlyCount "54"]
[TimeControl "7200+10"]

1. Nf3 d5 2. c4 Nf6 3. Nc3 c6 4. g3 Bg4 5. Bg2 e6 6. d4 dxc4 7. h3 Bf5 8.
O-O Nbd7 9. Re1 Be7 10. e4 Bg6 11. Bf4 O-O 12. b3 cxb3 13. axb3 Bb4 14. Qc2
Bxc3 15. Qxc3 Nxe4 16. Qb2 Nb6 17. Ng5 Nxg5 18. h4 Nd5 19. Bxg5 Qc7 20.
Rac1 Nb4 21. Qb1 Bxb1 22. Bf4 Qd7 23. Rxb1 Nd3 24. Re2 Nxf4 25. gxf4 Qxd4
26. Re4 Qd3 27. Rbe1 Qxb3 { White resigns } 0-1

[Event "ICC tourney 2314 (120 10)"]
[Site "Internet Chess Club"]
[Date "2021.01.18"]
[Round "5"]
[White "ScorpianFire7"]
[Black "attalone"]
[Result "0-1"]
[ICCResult "White resigns"]
[WhiteElo "1501"]
[BlackElo "1650"]
[Opening "French: advance, Paulsen attack"]
[ECO "C02"]
[NIC "FR.03"]
[Time "11:03:40"]
[PlyCount "24"]
[TimeControl "7200+10"]

1. e4 e6 2. d4 d5 3. e5 c5 4. c3 Nc6 5. Nf3 Qb6 6. Be2 cxd4 7. cxd4 Nh6 8.
Bxh6 Qxb2 9. Bd2 Qxa1 10. Qb3 Nxd4 11. Nxd4 Qxd4 12. Bb5+ Kd8 { White
resigns } 0-1

[Event "ICC tourney 2314 (120 10)"]
[Site "Internet Chess Club"]
[Date "2021.01.18"]
[Round "5"]
[White "Cbf577"]
[Black "ZYCON"]
[Result "0-1"]
[ICCResult "White resigns"]
[WhiteElo "1363"]
[BlackElo "1385"]
[Opening "Sicilian"]
[ECO "B50"]
[NIC "SI.01"]
[Time "11:03:46"]
[PlyCount "78"]
[TimeControl "7200+10"]

1. e4 c5 2. Nf3 d6 3. Nc3 Nf6 4. Bc4 g6 5. d3 Bg7 6. O-O O-O 7. h3 Nc6 8.
Rb1 a6 9. a4 Bd7 10. Bd2 Qc7 11. Nd5 Nxd5 12. Bxd5 Ne5 13. Nxe5 Bxe5 14. f4
Bd4+ 15. Kh1 Bxa4 16. b3 Bc6 17. Bc4 b5 18. Bd5 Bxd5 19. exd5 Qb7 20. c3
Bf6 21. Qf3 a5 22. c4 b4 23. f5 a4 24. bxa4 Rxa4 25. Bh6 Rfa8 26. fxg6 hxg6
27. g4 Ra1 28. g5 Rxb1 29. Rxb1 Ra1 30. gxf6 Rxb1+ 31. Kg2 e6 32. Bg7 Re1
33. Qg3 Re5 34. Qf4 exd5 35. d4 dxc4+ 36. Kg3 Qe4 37. dxe5 Qxf4+ 38. Kxf4
dxe5+ 39. Kxe5 b3 { White resigns } 0-1

[Event "ICC tourney 2314 (120 10)"]
[Site "Internet Chess Club"]
[Date "2021.01.18"]
[Round "5"]
[White "WaSabi5829"]
[Black "Kfprasanna"]
[Result "1-0"]
[ICCResult "Black checkmated"]
[WhiteElo "1386"]
[BlackElo "1311"]
[Opening "English opening"]
[ECO "A21"]
[NIC "EO.23"]
[Time "11:03:43"]
[PlyCount "69"]
[TimeControl "7200+10"]

1. c4 e5 2. Nc3 Bc5 3. e4 c6 4. d3 Qf6 5. Nf3 d6 6. g3 Bg4 7. Bg2 Ne7 8.
O-O O-O 9. Be3 Bd4 10. h3 Bxf3 11. Qxf3 Qxf3 12. Bxf3 Bxe3 13. fxe3 Nd7 14.
b4 c5 15. b5 a6 16. a4 f5 17. exf5 Nxf5 18. Bxb7 Nxg3 19. Rxf8+ Rxf8 20.
Bxa6 Nf5 21. e4 Ne3 22. Nd5 Nc2 23. Rf1 Nb4 24. Bc8 Nxd5 25. Bxd7 Rxf1+ 26.
Kxf1 Nb6 27. Be6+ Kf8 28. a5 Na8 29. b6 Nxb6 30. axb6 Ke8 31. b7 Kd8 32.
b8=Q+ Ke7 33. Qc7+ Ke8 34. Qd7+ Kf8 35. Qf7# { Black checkmated } 1-0

[Event "ICC tourney 2314 (120 10)"]
[Site "Internet Chess Club"]
[Date "2021.01.18"]
[Round "5"]
[White "kevinwang"]
[Black "muzikmixer"]
[Result "1-0"]
[ICCResult "Black resigns"]
[WhiteElo "1262"]
[BlackElo "1633"]
[Opening "Pirc: Ufimtsev-Pytel variation"]
[ECO "B07"]
[NIC "PU.08"]
[Time "11:03:46"]
[PlyCount "107"]
[TimeControl "7200+10"]

1. e4 d6 2. d4 Nf6 3. Nc3 c6 4. Nf3 Bg4 5. Be2 e6 6. Bg5 Be7 7. Bxf6 Bxf3
8. Bxg7 Bxe2 9. Nxe2 Rg8 10. Bh6 Bh4 11. Ng3 Qf6 12. Be3 Na6 13. c3 Nc7 14.
Qb3 O-O-O 15. O-O-O d5 16. e5 Qg6 17. Qa3 Kb8 18. Rhe1 h5 19. Qb3 Be7 20.
Rg1 h4 21. Ne2 Qe4 22. Qc2 Rg4 23. Qxe4 dxe4 24. g3 Nd5 25. Bf4 Rdg8 26.
Kc2 Kc8 27. a3 hxg3 28. hxg3 Bg5 29. Bxg5 R4xg5 30. Rh1 b5 31. Rh7 R8g7 32.
Rxg7 Rxg7 33. Rh1 a5 34. Rh8+ Kc7 35. Kd2 a4 36. Rh4 Nb6 37. Rxe4 Nc4+ 38.
Kc2 Rh7 39. Rh4 Rxh4 40. gxh4 Kd7 41. h5 Ke7 42. Ng3 f5 43. Ne2 Nb6 44. Nf4
Nd7 45. Kd3 Nf8 46. c4 Kf7 47. cxb5 cxb5 48. Kc3 Kg7 49. Kb4 Kh6 50. Kxb5
Kg5 51. Nxe6+ Nxe6 52. d5 Nd8 53. e6 Kxh5 54. e7 { Black resigns } 1-0

[Event "ICC tourney 2314 (120 10)"]
[Site "Internet Chess Club"]
[Date "2021.01.18"]
[Round "5"]
[White "PStricker"]
[Black "ChunkyApple"]
[Result "0-1"]
[ICCResult "White resigns"]
[WhiteElo "1519"]
[BlackElo "1295"]
[Opening "QGD Slav: 4.Nc3"]
[ECO "D15"]
[NIC "SL.03"]
[Time "11:03:51"]
[PlyCount "42"]
[TimeControl "7200+10"]

1. d4 d5 2. c4 c6 3. Nf3 Nf6 4. Nc3 Bf5 5. Qb3 Qb6 6. cxd5 Qxb3 7. axb3
cxd5 8. Nb5 Kd8 9. Ne5 Bg6 10. Rxa7 Rxa7 11. Nxa7 Nbd7 12. Bf4 e6 13. e3
Bb4+ 14. Kd1 Nxe5 15. Bxe5 Ke7 16. Nb5 Ra8 17. Ke2 Ra2 18. g3 Rxb2+ 19. Kd1
Rb1+ 20. Ke2 Re1+ 21. Kf3 Be4+ { White resigns } 0-1

[Event "ICC tourney 2314 (120 10)"]
[Site "Internet Chess Club"]
[Date "2021.01.18"]
[Round "5"]
[White "ChessStar22"]
[Black "Il123"]
[Result "0-1"]
[ICCResult "White checkmated"]
[WhiteElo "1393"]
[BlackElo "1461"]
[Opening "QGD: exchange variation"]
[ECO "D35"]
[NIC "QO.16"]
[Time "11:03:42"]
[PlyCount "110"]
[TimeControl "7200+10"]

1. d4 Nf6 2. c4 e6 3. Nc3 d5 4. cxd5 exd5 5. Nf3 c5 6. Bg5 Be6 7. e3 Nc6 8.
Bb5 Be7 9. h3 O-O 10. O-O h6 11. Bxf6 Bxf6 12. Qd2 cxd4 13. Nxd4 Nxd4 14.
exd4 a6 15. Be2 Qd6 16. a3 Rfd8 17. Na4 b6 18. Nc3 b5 19. b4 Rac8 20. Rfd1
Bf5 21. Bd3 Bxd4 22. Bxf5 Bxc3 23. Qc2 Rc4 24. Bd3 Bxa1 25. Bxc4 bxc4 26.
Rxa1 Rc8 27. Rd1 d4 28. g3 Qe5 29. Kh2 Qd5 30. a4 c3 31. Qd3 c2 32. Rc1 Qc4
33. Qd2 Qc3 34. Rxc2 Qxc2 35. Qxd4 Qxa4 36. Qb6 Qb5 37. Qd4 Rb8 38. Qd6 Qb6
39. Qd2 Qxb4 40. Qa2 a5 41. Kg2 a4 42. h4 Qb3 43. Qe2 a3 44. Qe5 a2 45. h5
Qb2 46. Qxb2 Rxb2 47. g4 a1=Q 48. g5 hxg5 49. h6 gxh6 50. Kf3 Rb4 51. Kg2
Qc3 52. f3 Rb2+ 53. Kg3 Qe5+ 54. Kg4 Qf4+ 55. Kh5 Rh2# { White checkmated }
0-1

[Event "ICC tourney 2314 (120 10)"]
[Site "Internet Chess Club"]
[Date "2021.01.18"]
[Round "5"]
[White "Sirichess"]
[Black "thihansa"]
[Result "1/2-1/2"]
[ICCResult "Game drawn by mutual agreement"]
[WhiteElo "1485"]
[BlackElo "1231"]
[Opening "French defense"]
[ECO "C00"]
[NIC "FR.01"]
[Time "11:03:43"]
[PlyCount "92"]
[TimeControl "7200+10"]

1. e4 e6 2. Nf3 d5 3. exd5 exd5 4. d4 Nf6 5. Nc3 Bg4 6. Be2 Be7 7. h3 Bxf3
8. Bxf3 c6 9. O-O O-O 10. a3 Nbd7 11. Bf4 Re8 12. Re1 Nf8 13. Bg5 h6 14.
Bxf6 Bxf6 15. Qd2 Bg5 16. Rxe8 Bxd2 17. Rxd8 Rxd8 18. Ne2 Ne6 19. Rd1 Ba5
20. Bg4 Re8 21. Ng3 g6 22. Bxe6 Rxe6 23. c3 Bc7 24. Kf1 Kg7 25. Re1 Rxe1+
26. Kxe1 Bxg3 27. fxg3 Kf6 28. Kf2 Kf5 29. Kf3 h5 30. b3 b6 31. a4 a5 32.
h4 f6 33. b4 g5 34. bxa5 bxa5 35. hxg5 fxg5 36. g4+ hxg4+ 37. Kg3 Kf6 38.
Kxg4 Kg6 39. g3 Kf6 40. Kf3 Kf5 41. g4+ Ke6 42. Ke3 Kd6 43. Kd3 c5 44. c4
cxd4 45. Kxd4 dxc4 46. Kxc4 Kc6 { Game drawn by mutual agreement } 1/2-1/2

[Event "ICC tourney 2314 (120 10)"]
[Site "Internet Chess Club"]
[Date "2021.01.18"]
[Round "5"]
[White "avats"]
[Black "DrBoler"]
[Result "1-0"]
[ICCResult "Black resigns"]
[WhiteElo "1584"]
[BlackElo "1442"]
[Opening "Caro-Kann: advance variation"]
[ECO "B12"]
[NIC "CK.02"]
[Time "11:03:46"]
[PlyCount "65"]
[TimeControl "7200+10"]

1. e4 c6 2. d4 d5 3. e5 c5 4. c3 Nc6 5. Nf3 Bg4 6. Be2 e6 7. Be3 Qb6 8. Qd2
Bxf3 9. Bxf3 cxd4 10. cxd4 Nge7 11. O-O Nf5 12. Rd1 Bb4 13. Nc3 O-O 14. a3
Be7 15. Rac1 Rac8 16. Bg4 Nfxd4 17. Bxd4 Nxd4 18. Qxd4 Qxb2 19. Nxd5 Qxd4
20. Nxe7+ Kh8 21. Rxc8 Rxc8 22. Nxc8 Qxd1+ 23. Bxd1 h6 24. Nxa7 Kh7 25. f4
g5 26. g3 Kg7 27. Kf2 f5 28. Ke3 Kf7 29. Bb3 Ke7 30. Nc8+ Kd7 31. Nb6+ Ke7
32. Nc8+ Kd8 33. Bxe6 { Black resigns } 1-0

[Event "ICC tourney 2314 (120 10)"]
[Site "Internet Chess Club"]
[Date "2021.01.18"]
[Round "5"]
[White "Eagle2020"]
[Black "jackl514"]
[Result "1-0"]
[ICCResult "Black resigns"]
[WhiteElo "1518"]
[BlackElo "1606"]
[Opening "Sicilian: Alapin's variation (2.c3)"]
[ECO "B22"]
[NIC "SI.46"]
[Time "11:03:37"]
[PlyCount "49"]
[TimeControl "7200+10"]

1. e4 c5 2. c3 g6 3. d4 cxd4 4. cxd4 d5 5. e5 Nh6 6. Nf3 Bg7 7. Bf4 Bg4 8.
Nbd2 Qa5 9. Qb3 Nd7 10. Qb5 Qxb5 11. Bxb5 O-O 12. h3 Bxf3 13. Nxf3 Rfd8 14.
Rc1 a6 15. Bd3 Rac8 16. O-O e6 17. Nd2 f6 18. exf6 Nxf6 19. Rfe1 Kf7 20. g4
Nhg8 21. Nf3 Nd7 22. Ng5+ Ke7 23. Rxe6+ Kf8 24. Bd6+ Ne7 25. Rce1 { Black
resigns } 1-0

[Event "ICC tourney 2314 (120 10)"]
[Site "Internet Chess Club"]
[Date "2021.01.18"]
[Round "5"]
[White "IveDoneEnough"]
[Black "atchess11"]
[Result "0-1"]
[ICCResult "White resigns"]
[WhiteElo "1645"]
[BlackElo "1398"]
[Opening "King's knight's gambit"]
[ECO "C34"]
[NIC "KG.02"]
[Time "11:03:44"]
[PlyCount "68"]
[TimeControl "7200+10"]

1. e4 e5 2. f4 exf4 3. Nf3 Nc6 4. d4 d6 5. Bxf4 Nf6 6. Nc3 Be7 7. e5 dxe5
8. Bxe5 Bg4 9. Bb5 a6 10. Bxc6+ bxc6 11. O-O O-O 12. Qd2 Nd7 13. Qf4 Bxf3
14. Bxc7 Bg5 15. Qd6 Be7 16. Qg3 Bh4 17. Bxd8 Bxg3 18. Rxf3 Bxh2+ 19. Kxh2
Raxd8 20. d5 cxd5 21. Nxd5 Ne5 22. Ne7+ Kh8 23. Ra3 Rfe8 24. Nf5 Re6 25. b3
Rd2 26. c4 g6 27. Ng3 Ng4+ 28. Kg1 Ne3 29. Nf1 Rxg2+ 30. Kh1 Rg5 31. Nxe3
Rxe3 32. Kh2 Reg3 33. Rf1 R3g4 34. Kh3 f5 { White resigns } 0-1

[Event "ICC tourney 2314 (120 10)"]
[Site "Internet Chess Club"]
[Date "2021.01.18"]
[Round "5"]
[White "Knightboy123"]
[Black "chessprogidy"]
[Result "1-0"]
[ICCResult "Black resigns"]
[WhiteElo "1661"]
[BlackElo "1361"]
[Opening "Queen's pawn: London system"]
[ECO "A45"]
[NIC "QP.07"]
[Time "11:03:43"]
[PlyCount "71"]
[TimeControl "7200+10"]

1. d4 Nf6 2. Bf4 g6 3. e3 Bg7 4. Nf3 O-O 5. Be2 d6 6. c3 Nc6 7. h3 b6 8.
O-O Bb7 9. Nbd2 Re8 10. Bb5 a6 11. Ba4 b5 12. Bb3 e5 13. dxe5 dxe5 14. Bh2
Nd7 15. Ne4 Qe7 16. Neg5 Rf8 17. Nxf7 Rxf7 18. Ng5 Qxg5 19. Qxd7 Nd8 20.
Bg3 Kf8 21. Bxf7 Nxf7 22. Qxc7 Bd5 23. Qc5+ Qe7 24. Qxd5 Rd8 25. Qb3 h5 26.
Rad1 h4 27. Bh2 e4 28. Rxd8+ Qxd8 29. Rd1 Qe7 30. Qd5 Kg8 31. Bd6 Qf6 32.
Bh2 Kh7 33. Qxe4 Ng5 34. Qxh4+ Kg8 35. Qf4 Qe7 36. Qd6 { Black resigns }
1-0

[Event "ICC tourney 2314 (120 10)"]
[Site "Internet Chess Club"]
[Date "2021.01.18"]
[Round "5"]
[White "Yakshwag"]
[Black "fireheart"]
[Result "0-1"]
[ICCResult "White checkmated"]
[WhiteElo "1364"]
[BlackElo "1613"]
[Opening "Ruy Lopez: modern Steinitz defense"]
[ECO "C75"]
[NIC "RL.11"]
[Time "11:03:59"]
[PlyCount "58"]
[TimeControl "7200+10"]

1. e4 e5 2. Nf3 Nc6 3. Bb5 a6 4. Ba4 d6 5. c3 Bd7 6. h3 g6 7. O-O Bg7 8. d4
Nge7 9. Re1 O-O 10. Be3 Qe8 11. Bc2 Kh8 12. Nbd2 f5 13. exf5 gxf5 14. dxe5
dxe5 15. Bc5 e4 16. Nxe4 fxe4 17. Bxe4 Bf6 18. Qb3 b6 19. Ba3 Rf7 20. Rad1
Rg7 21. Kh2 Na5 22. Qc2 Bc6 23. Qe2 Qg8 24. Nd4 Rxg2+ 25. Kh1 Be5 26. Nf3
Qe6 27. Kxg2 Rg8+ 28. Kh1 Qxh3+ 29. Nh2 Qxh2# { White checkmated } 0-1

[Event "ICC tourney 2314 (120 10)"]
[Site "Internet Chess Club"]
[Date "2021.01.18"]
[Round "5"]
[White "Hari152"]
[Black "siddarth1"]
[Result "1/2-1/2"]
[ICCResult "Game drawn because neither player has mating material"]
[WhiteElo "1180"]
[BlackElo "1462"]
[Opening "Sicilian defense"]
[ECO "B33"]
[NIC "SI.34"]
[Time "11:03:46"]
[PlyCount "131"]
[TimeControl "7200+10"]

1. e4 c5 2. Nf3 Nc6 3. d4 cxd4 4. Nxd4 Nf6 5. Nc3 e6 6. Bb5 Bb4 7. Nxc6
bxc6 8. Bd3 d5 9. Bd2 O-O 10. Qf3 Bxc3 11. Bxc3 d4 12. Bd2 e5 13. Qg3 Qc7
14. O-O Nh5 15. Qg5 Nf4 16. Bxf4 exf4 17. e5 Re8 18. Qh4 h6 19. Qxf4 Qxe5
20. Qxe5 Rxe5 21. Rae1 Rxe1 22. Rxe1 Be6 23. b3 Rc8 24. Re4 c5 25. Ba6 Rc7
26. a3 c4 27. Rxd4 cxb3 28. cxb3 Rc1+ 29. Bf1 Bxb3 30. Rb4 Bd1 31. Re4 Ra1
32. Re3 Ba4 33. f4 Bb5 34. Rf3 Bxf1 35. Rxf1 Rxa3 36. Rd1 Kh7 37. Kf2 Kg6
38. g4 h5 39. Rd6+ f6 40. gxh5+ Kxh5 41. Rd7 g6 42. Rf7 f5 43. h3 Rxh3 44.
Rxa7 Kg4 45. Rg7 Rh6 46. Ke3 Kg3 47. Rg8 Kg4 48. Rg7 Rh3+ 49. Kf2 Kxf4 50.
Rxg6 Rh2+ 51. Kg1 Rd2 52. Rf6 Ke4 53. Rh6 f4 54. Rh3 f3 55. Rh8 Ke3 56.
Re8+ Kf4 57. Rf8+ Kg3 58. Rg8+ Kh4 59. Rh8+ Kg5 60. Rg8+ Kf4 61. Rf8+ Ke3
62. Re8+ Kd4 63. Rd8+ Ke3 64. Rxd2 Kxd2 65. Kf2 Kd3 66. Kxf3 { Game drawn
because neither player has mating material } 1/2-1/2

[Event "ICC tourney 2314 (120 10)"]
[Site "Internet Chess Club"]
[Date "2021.01.18"]
[Round "5"]
[White "JavierDix"]
[Black "AkshatSuresh"]
[Result "0-1"]
[ICCResult "White resigns"]
[WhiteElo "1472"]
[BlackElo "1691"]
[Opening "Queen's pawn game"]
[ECO "A46"]
[NIC "QP.05"]
[Time "11:03:58"]
[PlyCount "58"]
[TimeControl "7200+10"]

1. d4 Nf6 2. Nf3 e6 3. Bf4 d5 4. e3 b6 5. Nc3 Bb4 6. a3 Bxc3+ 7. bxc3 Ne4
8. Bd3 Nxc3 9. Qd2 Ne4 10. Bxe4 dxe4 11. Qc3 exf3 12. gxf3 Qd7 13. Rg1 f6
14. d5 e5 15. Bg3 Ba6 16. Rd1 Qb5 17. Rd2 Nd7 18. f4 Nc5 19. f3 e4 20. Kf2
Rd8 21. f5 Rxd5 22. Rgd1 exf3 23. Kxf3 Rxd2 24. Qxd2 Qc6+ 25. Kg4 Qe4+ 26.
Bf4 h5+ 27. Kg3 Qe7 28. Qd5 Bb7 29. Qc4 Ne4+ { White resigns } 0-1

[Event "ICC tourney 2314 (120 10)"]
[Site "Internet Chess Club"]
[Date "2021.01.18"]
[Round "5"]
[White "joeandjoe28"]
[Black "sairam23"]
[Result "1/2-1/2"]
[ICCResult "Game drawn by repetition"]
[WhiteElo "1416"]
[BlackElo "1506"]
[Opening "French: Tarrasch, closed variation"]
[ECO "C05"]
[NIC "FR.17"]
[Time "11:03:43"]
[PlyCount "46"]
[TimeControl "7200+10"]

1. e4 e6 2. d4 d5 3. Nd2 Nf6 4. e5 Nfd7 5. Bd3 c5 6. c3 Nc6 7. Ne2 Qb6 8.
Nf3 cxd4 9. cxd4 Qc7 10. O-O Be7 11. Bd2 Nb6 12. Rc1 Bd7 13. a3 Qd8 14. Qc2
h6 15. Ng3 Rc8 16. Qb1 O-O 17. Nh5 a6 18. Bg6 Be8 19. Bd3 Bd7 20. Bg6 Be8
21. Bd3 Bd7 22. Bg6 Be8 23. Bd3 Bd7 { Game drawn by repetition } 1/2-1/2

[Event "ICC tourney 2314 (120 10)"]
[Site "Internet Chess Club"]
[Date "2021.01.18"]
[Round "5"]
[White "pusheen2019"]
[Black "yogokings12"]
[Result "0-1"]
[ICCResult "White resigns"]
[WhiteElo "1499"]
[BlackElo "1573"]
[Opening "Sicilian: Alapin's variation (2.c3)"]
[ECO "B22"]
[NIC "SI.47"]
[Time "11:03:43"]
[PlyCount "88"]
[TimeControl "7200+10"]

1. e4 c5 2. c3 Nf6 3. e5 Nd5 4. d4 cxd4 5. cxd4 Nc6 6. Nf3 d6 7. Bc4 Nb6 8.
Bb3 dxe5 9. dxe5 Qxd1+ 10. Bxd1 Bg4 11. Bf4 Nd5 12. Bg3 e6 13. O-O Be7 14.
Nbd2 O-O 15. Rc1 Rfd8 16. Rc4 Bf5 17. Be2 Nb6 18. Rcc1 Rac8 19. Nb3 Na4 20.
Nfd2 Nxb2 21. f4 a5 22. Nf3 a4 23. Nbd2 Nd3 24. Rc3 Bb4 25. Rc4 b5 26. Rxb4
Ncxb4 27. a3 Nc2 28. Nb1 Ne3 29. Bxd3 Nxf1 30. Bxf1 Bxb1 31. Bxb5 Bc2 32.
Be1 Rd1 33. Kf2 Bb3 34. Kg3 Rd5 35. Ba6 Rc1 36. Bb4 Rdd1 37. Be2 Rd5 38.
Ba6 Bc4 39. Bc8 Rd3 40. Bd6 Rcc3 41. Bd7 Rxa3 42. Bxa3 Rxa3 43. Kh4 Rxf3
44. gxf3 a3 { White resigns } 0-1

[Event "ICC tourney 2314 (120 10)"]
[Site "Internet Chess Club"]
[Date "2021.01.18"]
[Round "5"]
[White "solveur"]
[Black "rachael1120"]
[Result "1/2-1/2"]
[ICCResult "Game drawn by mutual agreement"]
[WhiteElo "1435"]
[BlackElo "1655"]
[Opening "Queen's gambit declined"]
[ECO "D30"]
[NIC "QO.17"]
[Time "11:03:50"]
[PlyCount "87"]
[TimeControl "7200+10"]

1. d4 e6 2. c4 d5 3. Nf3 Be7 4. Nc3 Nf6 5. e3 O-O 6. Bd3 c5 7. O-O Nbd7 8.
Ne5 Qc7 9. f4 cxd4 10. exd4 dxc4 11. Nxc4 Nb6 12. Ne5 Nbd5 13. Bd2 Qb6 14.
Nxd5 Nxd5 15. Bc3 Nxc3 16. bxc3 Qc7 17. Qc2 h6 18. Rf3 b6 19. Raf1 Bb7 20.
Rg3 Bf6 21. Ng4 Kh8 22. Nxf6 gxf6 23. Rh3 Kg7 24. Rg3+ Kh8 25. f5 Rg8 26.
Qf2 Rxg3 27. hxg3 e5 28. Qd2 Kg7 29. Kh2 exd4 30. c4 Re8 31. Rf4 Re3 32.
Rg4+ Kh7 33. Bf1 h5 34. Rf4 Re4 35. Rxe4 Bxe4 36. Qxd4 Bxf5 37. Qxf6 Bg6
38. Qf4 Qc5 39. Be2 Kg7 40. Qd2 Qe7 41. Qd1 Kh6 42. Qd2+ Kh7 43. Qd1 Kh6
44. Qd2+ { Game drawn by mutual agreement } 1/2-1/2

[Event "ICC tourney 2314 (120 10)"]
[Site "Internet Chess Club"]
[Date "2021.01.18"]
[Round "5"]
[White "bgl2011"]
[Black "Elatedbook"]
[Result "1-0"]
[ICCResult "Black resigns"]
[WhiteElo "1496"]
[BlackElo "1270"]
[Opening "Giuoco Piano"]
[ECO "C54"]
[NIC "IG.02"]
[Time "11:03:43"]
[PlyCount "75"]
[TimeControl "7200+10"]

1. e4 e5 2. Nf3 Nc6 3. Bc4 Bc5 4. c3 Nf6 5. d3 h6 6. O-O d6 7. h3 O-O 8.
Re1 Be6 9. Bb3 Bb6 10. Nbd2 Re8 11. Nf1 Qd7 12. Bxe6 Rxe6 13. Ng3 d5 14.
Qc2 dxe4 15. dxe4 Rd8 16. Nf5 Ne7 17. N3h4 Ne8 18. Be3 Nxf5 19. Nxf5 Nd6
20. Rad1 Qc6 21. Bxb6 Qxb6 22. Rd2 Ree8 23. Red1 Qc6 24. Rd5 Re6 25. Qd3
Qb6 26. b4 Qc6 27. c4 b6 28. c5 bxc5 29. bxc5 Nb7 30. Rxd8+ Nxd8 31. Qxd8+
Kh7 32. Qd5 Qxd5 33. exd5 Re8 34. d6 cxd6 35. cxd6 Rd8 36. d7 Kg8 37. Ne7+
Kf8 38. Nc6 { Black resigns } 1-0

[Event "ICC tourney 2314 (120 10)"]
[Site "Internet Chess Club"]
[Date "2021.01.18"]
[Round "5"]
[White "GPWKnight"]
[Black "shrey16ultimate"]
[Result "0-1"]
[ICCResult "White resigns"]
[WhiteElo "1471"]
[BlackElo "1582"]
[Opening "Caro-Kann: advance variation"]
[ECO "B12"]
[NIC "CK.04"]
[Time "11:03:52"]
[PlyCount "78"]
[TimeControl "7200+10"]

1. e4 c6 2. d4 d5 3. e5 Bf5 4. Nd2 e6 5. Nb3 Nd7 6. Nf3 Qc7 7. Bd3 Bxd3 8.
cxd3 Ne7 9. O-O Nf5 10. g4 Ne7 11. Bf4 Ng6 12. Bg3 b6 13. h4 c5 14. h5 Ne7
15. Rc1 Nc6 16. dxc5 Nxc5 17. Nxc5 bxc5 18. d4 c4 19. Re1 Bb4 20. Re2 Qb7
21. a3 Ba5 22. Qa4 Rc8 23. Rec2 Kd7 24. Re2 Rb8 25. Qd1 Qb3 26. Qxb3 Rxb3
27. Kg2 Rhb8 28. Rd1 h6 29. g5 hxg5 30. Nxg5 Nd8 31. Bf4 Rxb2 32. Rxb2 Rxb2
33. Bc1 Rb3 34. Nf3 Nc6 35. Ng5 Ke8 36. Nf3 Bc3 37. Kf1 Bb2 38. Bxb2 Rxb2
39. Rc1 Rb3 { White resigns } 0-1